 Dungeon Crawl Stone Soup version 0.18-a0-455-gc7d4c65 (webtiles) character file.

63770 xeno23 the Zephyrmancer (level 14, -12/116 HPs)
             Began as a Demigod Air Elementalist on Nov 30, 2015.
             Mangled by an orc warrior
             ... wielding a +0 halberd
              (28 damage)
             ... on level 3 of the Orcish Mines on Dec 1, 2015.
             The game lasted 02:34:08 (27709 turns).

xeno23 the Zephyrmancer (Demigod Air Elementalist) Turns: 27709, Time: 02:34:08

Health: -12/116    AC: 24    Str: 25    XL:     14   Next: 31%
Magic:  26/26      EV: 13    Int: 19    God:
Gold:   1261       SH:  0    Dex: 16    Spells: 6 memorised, 9 levels left

rFire  + . .     SeeInvis .     x - +1 great sword
rCold  + . .     Clarity  .     a - +5 chain mail of Egiraw {Str+3}
rNeg   . . .     SustAt   +     (shield currently unavailable)
rPois  .         Gourm    .     z - +2 hat
rElec  .         Spirit   .     p - +1 cloak
rCorr  .         Dsmss    +     K - +1 pair of gloves
rMut   .         Stasis   .     Z - +0 pair of boots
MR     ++...                    n - amulet of dismissal
Stlth  ..........               X - ring of stealth
                                q - ring "Qatil" {+Fly rF+ rC+ MR+ Str+3}

@: repel missiles, very resistant to hostile enchantments, extremely unstealthy
A: high mp 1, sustain attributes
a: Evoke Flight


You were on level 3 of the Orcish Mines.
You were not hungry.

You visited 3 branches of the dungeon, and saw 22 of its levels.

You collected 2729 gold pieces.
You spent 1468 gold pieces at shops.

Inventory:

Hand Weapons
 v - a +3 dagger of venom
 x - a +1 great sword (weapon)
 E - the +1 blowgun "Tas Wum" {speed, +Inv rPois MR- Int+4}
   (You found it on level 2 of the Lair of Beasts)

   Attacks with this weapon are significantly faster.
   It affects your intelligence (+4).
   It protects you from poison.
   It affects your resistance to hostile enchantments.
   It lets you turn invisible.
Missiles
 G - 51 poisoned needles
Armour
 a - the +5 chain mail of Egiraw (worn) {Str+3}
   (You bought it in a shop on level 9 of the Dungeon)

   It affects your strength (+3).
 j - the +4 ring mail "Qelayx" {Dex+2}
   (You found it on level 4 of the Dungeon)

   It affects your dexterity (+2).
 p - a +1 cloak (worn)
 z - a +2 hat (worn)
 K - a +1 pair of gloves (worn)
 Z - a +0 pair of boots (worn)
Jewellery
 n - an amulet of dismissal (around neck)
 q - the ring "Qatil" (left hand) {+Fly rF+ rC+ MR+ Str+3}
   (You found it on level 7 of the Lair of Beasts)

   [ring of flight]

   It affects your strength (+3).
   It protects you from fire.
   It protects you from cold.
   It affects your resistance to hostile enchantments.
   It lets you fly.
 L - an uncursed amulet of stasis
 X - a ring of stealth (right hand)
Wands
 D - a wand of cold (8)
 R - a wand of digging (21)
 T - a wand of fire (8)
Scrolls
 g - 5 scrolls of enchant weapon
 k - 3 scrolls of magic mapping
 s - 10 scrolls of remove curse
 t - 5 scrolls of identify
 u - 4 scrolls of recharging
 w - a scroll of blinking
 A - 2 scrolls of fear
 H - 4 scrolls of enchant armour
 J - 2 scrolls of silence
 P - a scroll of fog
 Q - 3 scrolls of teleportation
Potions
 e - 3 potions of might
 f - 3 potions of resistance
 h - 4 potions of agility
 l - 3 potions of heal wounds
 o - 4 potions of lignification
 B - 3 potions of ambrosia
 M - 3 potions of invisibility
 N - 5 potions of cancellation
 O - 5 potions of haste
 W - a potion of cure mutation
 Y - a potion of magic
Books
 d - a book of the Tempests

   Spells                             Type                      Level
   a - Static Discharge               Conjuration/Air              3
   b - Lightning Bolt                 Conjuration/Air              5
   c - Fireball                       Conjuration/Fire             5
   d - Tornado                        Air                          9
   e - Shatter                        Earth                        9
Comestibles
 b - 2 chunks of flesh
 c - 14 bread rations
 m - a fruit
 I - 4 meat rations


   Skills:
 + Level 8.5 Fighting
 * Level 10.9 Long Blades
 + Level 8.2 Armour
 + Level 8.0 Dodging
 - Level 1.7 Stealth
 - Level 5.5 Spellcasting
 - Level 11.1 Conjurations
 * Level 11.4 Air Magic


You had 9 spell levels left.
You knew the following spells:

 Your Spells              Type           Power        Failure   Level  Hunger
a - Shock                 Conj/Air       ####         1%          1    None
b - Swiftness             Chrm/Air       ####....     12%         2    None
g - Blink                 Tloc           N/A          91%         2    None
q - Static Discharge      Conj/Air       #####...     1%          3    ##.....
r - Repel Missiles        Chrm/Air       ####..       12%         2    None
w - Lightning Bolt        Conj/Air       #####.....   17%         5    #####..


Dungeon Overview and Level Annotations

Branches:
Dungeon (10/15)            Temple (0/1) D:5            Lair (8/8) D:8
  Swamp (0/4) Lair:6        Snake (0/4) Lair:4        Slime (0/6) Lair:6
    Orc (4/4) D:9             Elf (0/3) Orc:4

Shops:
D:9 ***%%   Orc:2 :   Orc:4 :

Portals:
Hell: Lair:8

Annotations:
D:10 exclusion: upstairs, Josephine; endege's ghost, journeyman DDSu
Orc:4 Saint Roka


Innate Abilities, Weirdness & Mutations

You have an increased reservoir of magic (+10% MP).
Your attributes are resistant to harm.


Message History

You slash the orc warrior!
The orc warrior is heavily wounded.
The orc warrior misses you.
The orc warrior hits you with a trident.
The orc warrior hits you with a halberd!!
The orc hits you but does no damage. The orc warrior closely misses you.
You take 26 damage.
You slash the orc warrior!
The orc warrior is severely wounded.
The orc warrior hits you with a trident!!
* * * LOW HITPOINT WARNING * * *
The orc hits you but does no damage.
The orc warrior hits you with a halberd.
* * * LOW HITPOINT WARNING * * *
The orc warrior hits you with a short sword.
* * * LOW HITPOINT WARNING * * *
You take 27 damage.
The orc warrior misses you.
The orc warrior hits you from afar with a halberd!!
You die...

########## ###
#########..#..#..####.##
.#..##.#..........#....#
..............oo[......#
....#.......#..>o......#
#....#......#.o.@.....)#
....##.........##...)<##
...##.......#........[.#
.............#.#...)...#
##.#...................#
#####.....#............#
######..#...#.........#
##.#.######.#..........#
#.....####..[<...#....##


You could see 3 orc warriors and an orc (frenzied).

Vanquished Creatures
  Maud (Orc:2)
  A hell beast (Lair:8)
  Harold (Orc:3)
  7 hydras
  2 death yaks (Lair:8)
  An ogre mage (Orc:2)
  A wizard (Lair:8)
  A griffon (Lair:6)
  A cyclops (Orc:3)
  An orc knight (Orc:2)
  2 orc sorcerers
  6 black mambas
  15 elephants
  4 orange demons (Lair:8)
  2 torpor snails (Lair:8)
  17 spiny frogs
  7 fire drakes
  The ghost of Uberwunderbarhen the Covert, a novice OpAs of Makhleb (D:5)
  A hellwing (Lair:8)
  4 ice devils (Lair:8)
  3 trolls
  10 komodo dragons
  A two-headed ogre (D:7)
  2 red devils (Lair:8)
  A polar bear (Lair:8)
  A boulder beetle (Lair:8)
  22 blink frogs
  A spriggan (D:7)
  A steam dragon (Lair:8)
  70 yaks
  A basilisk (Lair:3)
  16 hippogriffs
  3 nagas (Lair:4)
  6 vampire mosquitoes (Lair:2)
  3 insubstantial wisps (Lair:2)
  13 wolves
  2 wargs
  16 orc warriors
  14 porcupines
  6 water moccasins
  2 sky beasts (D:6)
  A swamp drake (Lair:8)
  3 ice beasts
  A black bear (D:8)
  14 crocodiles
  A necrophage (D:9)
  14 ogres
  3 centaurs
  A wyvern zombie (D:9)
  13 giant frogs
  A big kobold (D:7)
  6 killer bees (D:9)
  2 scorpions
  2 electric eels (Lair:2)
  4 wights (D:9)
  3 crimson imps
  19 orc priests
  22 orc wizards
  A giant frog zombie (D:7)
  A hound (D:9)
  A gnoll shaman (D:8)
  Crazy Yiuf (D:2)
  A centaur skeleton (D:9)
  A giant frog skeleton (D:8)
  10 iguanas
  Terence (D:2)
  6 worker ants
  31 sheep
  2 hound skeletons
  A worker ant zombie (D:8)
  10 gnolls
  13 adders
  32 river rats
  3 shadow imps
  An ooze (D:3)
  3 adder zombies
  8 worms
  An adder skeleton (D:5)
  8 giant geckos
  142 orcs
  6 bats
  4 giant cockroaches
  14 goblins
  9 hobgoblins
  6 jackals
  9 kobolds
  6 quokkas
  4 ball pythons
  A giant gecko zombie (D:6)
  4 giant newts
  A jackal skeleton (D:6)
  2 quokka skeletons
  13 rats
  A spectral orc (D:6)
  4 fungi (Lair:8)
  5 plants
747 creatures vanquished.

Vanquished Creatures (collateral kills)
  A wight (D:9)
1 creature vanquished.

Vanquished Creatures (others)
  42 fungi
  23 plants
65 creatures vanquished.

Grand Total: 813 creatures vanquished

Notes
Turn   | Place    | Note
--------------------------------------------------------------
     0 | D:1      | xeno23 the Demigod Air Elementalist began the quest for the Orb.
     0 | D:1      | Reached XP level 1. HP: 14/14 MP: 5/5
   252 | D:1      | Reached skill level 1 in Conjurations
   300 | D:1      | Reached skill level 3 in Air Magic
   318 | D:1      | Reached XP level 2. HP: 18/20 MP: 2/7
  1012 | D:2      | Noticed Terence
  1072 | D:2      | Killed Terence
  1072 | D:2      | Reached XP level 3. HP: 26/26 MP: 0/9
  1273 | D:2      | Noticed Crazy Yiuf
  1290 | D:2      | Killed Crazy Yiuf
  1290 | D:2      | Reached XP level 4. HP: 33/33 MP: 4/10
  2246 | D:3      | Reached XP level 5. HP: 33/38 MP: 12/12
  2264 | D:3      | Reached skill level 4 in Air Magic
  2281 | D:3      | Learned a level 2 spell: Swiftness
  2284 | D:3      | Learned a level 2 spell: Repel Missiles
  2288 | D:3      | Learned a level 3 spell: Static Discharge
  2747 | D:4      | Got a dazzling ring mail
  2758 | D:4      | Identified the +4 ring mail "Qelayx" {Dex+2} (You found it on level 4 of the Dungeon)
  2986 | D:4      | Reached skill level 1 in Armour
  3078 | D:4      | Reached XP level 6. HP: 40/45 MP: 10/14
  3248 | D:5      | Entered Level 5 of the Dungeon
  3555 | D:5      | Noticed Uberwunderbarhen's ghost (novice OpAs)
  3582 | D:5      | Killed Uberwunderbarhen's ghost
  3582 | D:5      | Reached XP level 7. HP: 47/50 MP: 4/15
  3698 | D:5      | Found a staircase to the Ecumenical Temple.
  4035 | D:6      | Reached skill level 5 in Air Magic
  4167 | D:6      | Reached XP level 8. HP: 38/57 MP: 10/17
  4392 | D:6      | Found a basalt altar of Yredelemnul.
  4592 | D:6      | Reached skill level 1 in Fighting
  4723 | D:6      | Reached skill level 5 in Armour
  4748 | D:6      | Found a shattered altar of Ashenzari.
  4754 | D:6      | Found a blossoming altar of Fedhas.
  4962 | D:6      | Reached skill level 5 in Conjurations
  5108 | D:7      | Learned a level 5 spell: Lightning Bolt
  5312 | D:7      | Noticed a two-headed ogre
  5319 | D:7      | Killed a two-headed ogre
  5319 | D:7      | Reached skill level 6 in Air Magic
  5385 | D:7      | Found a deep blue altar of Sif Muna.
  5398 | D:7      | Reached XP level 9. HP: 66/68 MP: 15/20
  5439 | D:7      | Reached skill level 5 in Spellcasting
  5683 | D:7      | Identified Sif Muna's Guide on Attacks
  5730 | D:8      | Found an iron altar of Okawaru.
  6180 | D:8      | Found a staircase to the Lair.
  6398 | D:9      | Reached skill level 7 in Armour
  6434 | D:9      | Found Liuj's Assorted Antiques.
  6436 | D:9      | Bought a runed long sword for 101 gold pieces
  6436 | D:9      | Bought a ruby ring for 145 gold pieces
  6439 | D:9      | Bought a scroll labeled TYUPAX NAUXO for 29 gold pieces
  6439 | D:9      | Bought a scroll labeled VAMOCV WIDGHA for 29 gold pieces
  6474 | D:9      | Found Coqasoimo's Food Boutique.
  6543 | D:9      | Found Ziusm's General Store.
  6553 | D:9      | Bought a potion of haste for 160 gold pieces
  6574 | D:9      | Found Zigevo's Food Boutique.
  6786 | D:9      | Found a staircase to the Orcish Mines.
  6810 | D:9      | Reached skill level 1 in Long Blades
  6988 | D:9      | Found Nanique's General Store.
  7104 | D:10     | Entered Level 10 of the Dungeon
  7104 | D:10     | Noticed Josephine
  7104 | D:10     | Noticed a hill giant
  7165 | D:10     | Noticed endege's ghost (journeyman DDSu)
  7558 | Lair:1   | Entered Level 1 of the Lair of Beasts
  7931 | Lair:1   | Reached XP level 10. HP: 75/78 MP: 7/22
  8351 | Lair:2   | Noticed a four-headed hydra
  9014 | Lair:2   | Reached skill level 8 in Air Magic
 10646 | Lair:2   | Got an ichor-stained blowgun
 10647 | Lair:2   | Identified the +1 blowgun "Tas Wum" {speed, +Inv rPois MR- Int+4} (You found it on level 2 of the Lair of Beasts)
 10942 | Lair:2   | Reached XP level 11. HP: 60/84 MP: 5/23
 10945 | Lair:2   | Reached skill level 9 in Air Magic
 11058 | Lair:2   | Killed a four-headed hydra
 11809 | Lair:3   | Reached skill level 10 in Air Magic
 12431 | Lair:3   | Reached skill level 10 in Conjurations
 13546 | Lair:4   | Reached skill level 11 in Air Magic
 13627 | Lair:4   | Reached XP level 12. HP: 82/91 MP: 1/24
 13888 | Lair:4   | Found a staircase to the Snake Pit.
 15408 | Lair:6   | Found a staircase to the Slime Pits.
 15408 | Lair:6   | Found a viscous altar of Jiyva.
 15768 | Lair:6   | Reached skill level 5 in Fighting
 15768 | Lair:6   | Reached skill level 5 in Long Blades
 16278 | Lair:6   | Found a staircase to the Swamp.
 16518 | Lair:6   | Got a polished plate armour
 16533 | Lair:6   | Identified the cursed +0 plate armour of Qadimucu {MP+9 Slay+2} (You found it on level 6 of the Lair of Beasts)
 17512 | Lair:7   | Noticed a five-headed hydra
 17522 | Lair:7   | Killed a five-headed hydra
 17810 | Lair:7   | Noticed a six-headed hydra
 17910 | Lair:7   | Killed a six-headed hydra
 17910 | Lair:7   | Reached XP level 13. HP: 73/102 MP: 6/25
 18037 | Lair:7   | Reached skill level 5 in Dodging
 18607 | Lair:7   | Found a shimmering altar of Xom.
 18675 | Lair:7   | Got a wavering brass ring
 18677 | Lair:7   | Identified the ring "Qatil" {+Fly rF+ rC+ MR+ Str+3} (You found it on level 7 of the Lair of Beasts)
 18956 | Lair:8   | Entered Level 8 of the Lair of Beasts
 22288 | Lair:8   | Learned a level 2 spell: Blink
 22462 | Lair:8   | Reached skill level 10 in Long Blades
 22936 | Lair:8   | Found a burning altar of Makhleb.
 23634 | Lair:8   | Reached XP level 14. HP: 58/115 MP: 2/26
 23968 | Lair:8   | Found a gateway to Hell.
 24212 | Lair:1   | Upgraded the game from 0.18-a0-425-ge088ad1 to 0.18-a0-455-gc7d4c65
 24314 | D:9      | Bought a potion of haste for 160 gold pieces
 24314 | D:9      | Bought a potion of heal wounds for 80 gold pieces
 24314 | D:9      | Bought a potion of heal wounds for 80 gold pieces
 24314 | D:9      | Bought the +5 chain mail of Egiraw {Str+3} for 684 gold pieces
 24341 | Orc:1    | Entered Level 1 of the Orcish Mines
 24664 | Orc:2    | Found Ibbucady's Book Emporium.
 25604 | Orc:3    | Found a roughly hewn altar of Beogh.
 25606 | Orc:3    | Noticed Maud
 25608 | Orc:3    | Noticed Harold
 25709 | Orc:2    | Found a roughly hewn altar of Beogh.
 26313 | Orc:1    | Found a roughly hewn altar of Beogh.
 26402 | Orc:2    | Killed Maud
 26538 | Orc:3    | Killed Harold
 27216 | Orc:4    | Entered Level 4 of the Orcish Mines
 27217 | Orc:4    | Found Aptoshreimi's Book Emporium.
 27221 | Orc:4    | Noticed Saint Roka
 27331 | Orc:4    | Found a staircase to the Elven Halls.
 27709 | Orc:3    | Mangled by an orc warrior

Vault maps used:
D:1:      matt_arrival_spirals, minmay_misc_feat_rugged
D:2:      serial_forest, infiniplex_forest_clump_diagonal,
          infiniplex_forest_clump_small, infiniplex_forest_clump_diagonal,
          infiniplex_forest_corner_1, infiniplex_forest_lined_room_2,
          infiniplex_forest_corner_1, infiniplex_forest_lined_corner,
          infiniplex_forest_clump_cross, grunt_ministairs_7, uniq_terence,
          uniq_crazy_yiuf_cottage
D:5:      temple_statues, first_bread
D:6:      kennysheep_spiral_hall, yredelemnul_forgotten_temple_becter,
          grunt_temple_overflow_open
D:7:      led_sif_book, the_bakery
D:8:      kennysheep_mini, lair_0_dummy
D:9:      orc_0_dummy, serial_shops, nicolae_shop_stone, shop, shop,
          kennysheep_little_box, shop
D:10:     uniq_grum, uniq_josephine
Lair:2:   statuecave_lemuel, pond, infiniplex_staircase_pool
Lair:3:   beast_lair_carwin_9
Lair:4:   guppyfry_snake_entry_island
Lair:6:   swamp_mist, slime_altar_1
Lair:7:   basic_altar, grunt_megastairs_3
Lair:8:   evil_forest, guppyfry_lair_drakes
Orc:1:    minmay_orc_temple_b
Orc:2:    basic_altar, serial_shops, shop, mines4_lemuel
Orc:3:    basic_altar, nicolae_orc_pool_cavern, uniq_maud, uniq_harold
Orc:4:    pf_orc_diabolical, serial_shops, nicolae_shop_stone,
          guppyfry_library_mini, uniq_saint_roka

Action                   |  1- 3 |  4- 6 |  7- 9 | 10-12 | 13-15 || total
-------------------------+-------+-------+-------+-------+-------++-------
Melee: Unarmed           |    33 |       |       |       |       ||    33
       Whip              |     5 |       |       |       |       ||     5
       Dagger            |       |    89 |   165 |   159 |       ||   413
       Flail             |       |    30 |       |       |       ||    30
       Great sword       |       |       |     3 |   286 |   783 ||  1072
 Fire: Blowgun           |       |       |     4 |   151 |     5 ||   160
 Cast: Shock             |    60 |   126 |   284 |   328 |   189 ||   987
       Repel Missiles    |       |     1 |     1 |       |     5 ||     7
       Static Discharge  |       |     2 |     4 |    84 |    43 ||   133
       Swiftness         |       |     1 |     1 |     4 |     5 ||    11
       Lightning Bolt    |       |       |       |    64 |    66 ||   130
 Abil: Evoke Teleportati |       |       |       |     1 |       ||     1
Evoke: Wand              |       |       |       |     1 |     5 ||     6
  Use: Scroll            |       |    13 |    11 |    13 |     5 ||    42
       Potion            |       |       |     1 |     2 |     4 ||     7
 Stab: Sleeping          |       |     2 |     3 |     5 |       ||    10
       Distracted        |       |       |     1 |     2 |     1 ||     4
  Eat: Chunk             |     1 |     8 |    14 |    47 |    30 ||   100
       Beef jerky        |       |       |       |     1 |       ||     1
       Royal jelly       |       |       |       |     2 |       ||     2
       Pizza             |       |       |       |     2 |     4 ||     6
       Meat ration       |       |       |       |       |     4 ||     4
       Fruit             |       |       |       |       |     2 ||     2
